 Dungeon Crawl Stone Soup version 0.28-a0-512-g960c72b710 (webtiles) character file.

Game seed: 2068967466888616877

6367 Lekart the Fighter (level 10, -7/94 HPs)
             Began as a Yellow Draconian Chaos Knight on Sept 22, 2021.
             Was a Plaything of Xom.
             Mangled by a slime creature (16 damage)
             ... on level 9 of the Dungeon.
             The game lasted 00:18:32 (9413 turns).

Lekart the Fighter (Yellow Draconian Chaos Knight)  Turns: 9413, Time: 00:18:32

Health: -7/94      AC: 13    Str: 20    XL:     10   Next: 65%
Magic:  10/10      EV: 11    Int: 12    God:    Xom [...*..]
Gold:   393        SH:  7    Dex: 13    Spells: 9/9 levels left

rFire   . . .      SeeInvis .   o - +5 scimitar (flame)
rCold   + . .      Faith    .   k - +0 kite shield
rNeg    . . .      Spirit   .   (armour unavailable)
rPois   .          Reflect  .   (helmet restricted)
rElec   +          Harm     .   c - +1 cloak
rCorr   +          Rampage  .   (no gloves)
Will    +....                   (no boots)
Stlth   +++.......              (no amulet)
HPRegen 0.25/turn               j - +4 ring of slaying
MPRegen 0.12/turn               g - +4 ring of protection

@: about to teleport
A: spit acid, AC +7, unfitting armour, cold-blooded, acid resistance, agile 1,
cold resistance 1, deterioration 1, strong-willed 1, passive freeze, sense
surroundings 1, screaming 1, electricity resistance, strong 1, MP-powered wands
a: Breathe Acid, Renounce Religion


You were on level 9 of the Dungeon.
You worshipped Xom.
You were a favourite toy of Xom.
You visited 2 branches of the dungeon, and saw 10 of its levels.

You collected 393 gold pieces.

Inventory:

Hand Weapons
 a - a +0 falchion of chaos
 b - a +2 spectral short sword
 o - a +5 scimitar of flaming (weapon)
Armour
 c - a +1 cloak (worn)
 k - a +0 kite shield (worn)
Jewellery
 g - a +4 ring of protection (right hand)
 j - a +4 ring of slaying (left hand)
 n - a ring of fire
 w - a +4 ring of evasion
Wands
 e - a wand of flame (5)
 m - a wand of polymorph (17)
 u - a wand of digging (5)
Scrolls
 h - a scroll of brand weapon
 p - 2 scrolls of fear
 y - a scroll of magic mapping
Potions
 d - a potion of curing
 i - a potion of flight


   Skills:
 * Level 10.3 Fighting
 + Level 10.0(10.3) Short Blades
 + Level 3.4(7.2) Long Blades
 + Level 6.6 Dodging
 + Level 4.9 Stealth
 + Level 0.8 Shields
 + Level 1.9 Evocations


You had 9 spell levels left.
You didn't know any spells.
Your spell library contained the following spells:

 Spells                   Type           Power      Damage    Failure   Level
 Shock                    Conj/Air       0%         1d3       90%         1
 Summon Small Mammal      Summ           0%         N/A       90%         1
 Static Discharge         Conj/Air       0%         N/A       97%         2
 Call Canine Familiar     Summ           0%         N/A       99%         3
 Summon Guardian Golem    Hex/Summ       0%         N/A       99%         3
 Swiftness                Air            0%         N/A       99%         3
 Airstrike                Air            0%         N/A       100%        4
 Dispel Undead            Necr           0%         3d6       100%        4
 Sticky Flame             Conj/Fire      0%         2d3       100%        4
 Malign Gateway           Summ/Tloc      0%         N/A       100%        7
 Summon Horrible Things   Summ           0%         N/A       100%        8


Dungeon Overview and Level Annotations

Branches:
Dungeon (9/15)             Temple (1/1) D:7
   Lair: D:8-11         Orc: D:9-12

Altars:
Ashenzari
Cheibriados
Dithmenos
Elyvilon
Fedhas
Gozag
Hepliaklqana
Kikubaaqudgha
Makhleb
Nemelex Xobeh
Okawaru
Qazlal
Ru
Sif Muna
Trog
Uskayaw
Vehumet
Wu Jian
Xom
Yredelemnul
Zin
The Shining One

Shops:
D:8 (

Annotations:
D:3 exclusion: downstairs
D:7 exclusion: downstairs
D:8 4 runed translucent doors


Innate Abilities, Weirdness & Mutations

You can spit globs of acid.
Your golden yellow scales are hard. (AC +7)
You cannot fit into any form of body armour.
You are cold-blooded and may be slowed by cold attacks.
You are resistant to acid. (rCorr)
You are agile. (Dex +2)
Your flesh is cold resistant. (rC+)
Your body sometimes deteriorates upon taking damage.
You are strong-willed. (Will+)
A frigid envelope surrounds you and freezes all who hurt you.
You passively map a small area around you.
You occasionally shout uncontrollably at your foes.
You are resistant to electric shocks. (rElec)
Your muscles are strong. (Str +2)
You expend magic power (3 MP) to strengthen your wands.


Message History

You block the slime creature's attack.
You slash the large slime creature! You burn the large slime creature.
The large slime creature is heavily wounded.
The large slime creature hits you!
The large slime creature is very cold.
The large slime creature is severely wounded.
You block the slime creature's attack.
You slash the large slime creature! You burn the large slime creature.
The large slime creature is severely wounded.
The large slime creature closely misses you.
You block the slime creature's attack.
The large slime creature barely misses you.
Okay, then.
As you read the scroll labelled VOCHAA GIRGHU, it crumbles to dust.
It is a scroll of enchant armour.
Your +0 cloak glows green for a moment.
The large slime creature hits you!
The large slime creature is very cold.
The large slime creature is almost dead.
The slime creature hits you!
The slime creature is very cold.
The slime creature is lightly wounded.
The large slime creature hits you!
The large slime creature is very cold.
The large slime creature is almost dead.
Okay, then.
As you read the scroll of teleportation, it crumbles to dust.
You feel strangely unstable.
The slime creature hits you but does no damage.
The slime creature is very cold.
The slime creature is lightly wounded.
The large slime creature hits you!
The large slime creature is very cold.
The large slime creature is almost dead.
You hit the large slime creature. You burn the large slime creature.
The large slime creature is almost dead.
The large slime creature hits you!
The large slime creature is very cold.
The large slime creature is almost dead.
The slime creature closely misses you. The large slime creature hits you!!
* * * LOW HITPOINT WARNING * * *
The large slime creature is very cold.
You kill the large slime creature!
The slime creature hits you!
You die...
Xom howls with laughter!

#..#.......# # *
#####..#.......#.#
*,
#......#.......#.#
,,,
#.####.^..._.....#
* #.# #.#......J#
*, ###.#
#.#.[.....# ....#
#.#.......# #
#####
#.####.####.# *
#.......J@..# ,
############# * *


You could see a slime creature.

Vanquished Creatures
  Erica (D:9)
  Pikel (D:5)
  A slime creature (D:9)
  A manticore (D:8)
  A kobold demonologist (D:8)
  A tengu conjurer (D:8)
  A troll (D:9)
  A hornet (D:9)
  Eustachio (D:4)
  2 steam dragons
  2 yaks (D:9)
  Menkaure (D:4)
  An acid dragon (D:9)
  2 water moccasins
  An orc warrior (D:9)
  2 sky beasts
  A hornet zombie (D:9)
  An ice beast (D:6)
  2 necrophages
  3 ogres
  A phantom (D:5)
  2 centaurs
  A kobold brigand (D:8)
  Blork the orc (D:4)
  A wyvern zombie (D:9)
  A gnoll sergeant (D:9)
  4 scorpions
  4 killer bees
  3 wights (D:6)
  2 bullfrog zombies (D:6)
  3 howler monkeys (D:8)
  5 hounds
  2 centaur zombies
  An orc priest (D:9)
  2 jellies
  2 centaur skeletons
  A gnoll shaman (D:8)
  Jessica (D:2)
  Ijyb (D:3)
  A human skeleton (D:8)
  3 iguanas
  2 orc wizards
  A killer bee zombie (D:8)
  A howler monkey zombie (D:8)
  3 gnolls (D:8)
  2 howler monkey skeletons
  7 adders
  A shadow imp (D:7)
  A white imp (D:6)
  An adder skeleton (D:4)
  4 worms
  2 dart slugs (D:1)
  13 orcs
  6 ball pythons
  4 endoplasms
  3 giant cockroaches
  5 goblins
  8 hobgoblins
  A quokka (D:1)
  5 bats
  3 frilled lizards
  10 kobolds
  7 rats
159 creatures vanquished.

Vanquished Creatures (collateral kills)
  An iguana (D:7)
1 creature vanquished.

Vanquished Creatures (others)
  A gnoll (D:8)
  A kobold (D:8)
  A plant (D:7)
3 creatures vanquished.

Grand Total: 163 creatures vanquished

Notes
Turn   | Place    | Note
-------+----------+-------------------------------------------
     0 | D:1      | Lekart the Draconian Chaos Knight began the quest for the
                  | Orb.
     0 | D:1      | Reached XP level 1. HP: 19/19 MP: 1/1
    50 | D:1      | XOM: silly message
   104 | D:1      | XOM: silly message
   161 | D:1      | Reached XP level 2. HP: 27/27 MP: 2/2
   236 | D:1      | Found a faded altar of an unknown god.
   345 | D:1      | XOM is BORED!
   345 | D:1      | XOM: silly message
   467 | D:1      | XOM: divination: detect creatures
   583 | D:1      | XOM: silly message
   678 | D:2      | Noticed Jessica
   684 | D:2      | XOM: butterfly on damage
   686 | D:2      | Killed Jessica
   687 | D:2      | Reached XP level 3. HP: 15/34 MP: 3/3
   859 | D:2      | Reached skill level 1 in Short Blades
   957 | D:2      | XOM: give mutations
   957 | D:2      | Gained mutation: Your tail ends in a poisonous barb. [Xom's
                  | grace]
   957 | D:2      | Gained mutation: You have supernaturally acute eyesight.
                  | (SInv) [Xom's grace]
   957 | D:2      | Gained mutation: You are resistant to electric shocks.
                  | (rElec) [Xom's grace]
  1017 | D:2      | Reached XP level 4. HP: 36/41 MP: 4/4
  1298 | D:2      | XOM: god gift: 35 gold pieces
  1329 | D:2      | Identified the ring "Faeplav" {rCorr MP+9 Int+2} (Xom
                  | gifted it to you on level 2 of the Dungeon)
  1329 | D:2      | XOM: god gift: ring "Faeplav" {rCorr MP+9 Int+2}
  1553 | D:2      | XOM: give mutations
  1553 | D:2      | Gained mutation: Your muscles are strong. (Str +2) [Xom's
                  | grace]
  1553 | D:2      | Gained mutation: You are strong-willed. (Will+) [Xom's
                  | grace]
  1553 | D:2      | Gained mutation: You have sharp toenails. [Xom's grace]
  1770 | D:2      | XOM is BORED!
  1770 | D:2      | XOM: give mutations
  1770 | D:2      | Gained mutation: You have razor-sharp toenails. [Xom's
                  | mischief]
  1770 | D:2      | Gained mutation: Your spells are a little harder to cast,
                  | but a little more powerful. [Xom's mischief]
  1770 | D:2      | Lost mutation: Your tail ends in a poisonous barb. [Xom's
                  | mischief]
  1770 | D:2      | Lost mutation: You have razor-sharp toenails. [Xom's
                  | mischief]
  1880 | D:2      | XOM: 8-stop teleportation journey
  1974 | D:3      | XOM: noise
  2054 | D:3      | Reached XP level 5. HP: 29/47 MP: 5/5
  2120 | D:3      | XOM: divination: detect items
  2191 | D:2      | Lost mutation: You are resistant to electric shocks.
                  | (rElec) [potion of mutation]
  2191 | D:2      | Lost mutation: You have supernaturally acute eyesight.
                  | (SInv) [potion of mutation]
  2191 | D:2      | Gained mutation: You are robust. (+10% HP) [potion of
                  | mutation]
  2191 | D:2      | Gained mutation: You are dopey. (Int -2) [potion of
                  | mutation]
  2191 | D:2      | Gained mutation: You occasionally shout uncontrollably at
                  | your foes. [potion of mutation]
  2203 | D:3      | XOM: silly message
  2397 | D:3      | Noticed Ijyb
  2403 | D:3      | Killed Ijyb
  2404 | D:3      | Reached skill level 1 in Stealth
  2555 | D:3      | Found a glowing golden altar of the Shining One.
  2659 | D:4      | Noticed an ogre
  2659 | D:4      | Noticed a necrophage
  2838 | D:4      | XOM: enchant monster (good)
  2840 | D:4      | Reached skill level 5 in Fighting
  2866 | D:4      | Found a shadowy altar of Dithmenos.
  2909 | D:4      | Found an ancient bone altar of Kikubaaqudgha.
  2909 | D:4      | XOM: 3-stop teleportation journey
  2920 | D:4      | Reached XP level 6. HP: 49/61 MP: 6/6
  3051 | D:4      | Noticed Blork the orc
  3051 | D:4      | XOM: 10-stop teleportation journey
  3054 | D:4      | XOM: cast spell 'Leda's Liquefaction'
  3059 | D:4      | Killed Blork the orc
  3060 | D:4      | Your scales start taking on a golden yellow colour.
  3060 | D:4      | Reached XP level 7. HP: 56/68 MP: 7/7
  3060 | D:4      | Gained mutation: You are resistant to acid. (rCorr) [Yellow
                  | Draconian growth]
  3183 | D:4      | Noticed Menkaure
  3187 | D:4      | XOM: confuse monster(s)
  3190 | D:4      | Killed Menkaure
  3364 | D:4      | Noticed Eustachio
  3366 | D:4      | XOM: divination: detect creatures
  3376 | D:4      | Killed Eustachio
  3579 | D:4      | XOM: fake destruction
  3584 | D:4      | Reached skill level 5 in Short Blades
  3625 | D:5      | XOM: stealth player
  3625 | D:5      | Entered Level 5 of the Dungeon
  3649 | D:5      | XOM: god gift: robe {god gift}
  3739 | D:5      | XOM: noise
  3786 | D:5      | XOM: repel stairs
  3929 | D:5      | Noticed Pikel
  3943 | D:5      | Killed Pikel
  3944 | D:5      | Reached XP level 8. HP: 66/80 MP: 8/8
  4399 | D:5      | XOM: summons 4 hostile demons
  4427 | D:5      | XOM: give mutations
  4427 | D:5      | Lost mutation: Your spells are a little harder to cast, but
                  | a little more powerful. [Xom's mischief]
  4427 | D:5      | Lost mutation: You occasionally shout uncontrollably at
                  | your foes. [Xom's mischief]
  4667 | D:6      | XOM: enchant monster (bad)
  4669 | D:6      | XOM: blink monster(s)
  4743 | D:6      | XOM: confusion
  4775 | D:6      | Lost mutation: You are dopey. (Int -2) [potion of mutation]
  4775 | D:6      | Lost mutation: You are robust. (+10% HP) [potion of
                  | mutation]
  4775 | D:6      | Lost mutation: You have sharp toenails. [potion of
                  | mutation]
  4775 | D:6      | Gained mutation: Your body sometimes deteriorates upon
                  | taking damage. [potion of mutation]
  4775 | D:6      | Gained mutation: You occasionally shout uncontrollably at
                  | your foes. [potion of mutation]
  4775 | D:6      | Gained mutation: You passively map a small area around you.
                  | [potion of mutation]
  4775 | D:6      | Gained mutation: You are resistant to electric shocks.
                  | (rElec) [potion of mutation]
  4796 | D:6      | Reached XP level 9. HP: 81/81 MP: 9/9
  4796 | D:6      | XOM: silly message
  4990 | D:6      | XOM: 1-stop teleportation journey
  5174 | D:6      | Found a blossoming altar of Fedhas.
  5174 | D:6      | Found a stormy altar of Qazlal.
  5181 | D:6      | Found a bloodstained altar of Trog.
  5183 | D:6      | Found a sacrificial altar of Ru.
  5186 | D:6      | Found a shimmering altar of Xom.
  5512 | D:6      | Reached skill level 5 in Dodging
  5800 | D:7      | Found a staircase to the Ecumenical Temple.
  5822 | D:7      | XOM: cast spell 'Call Canine Familiar'
  6178 | D:7      | XOM: 4-stop teleportation journey
  6498 | Temple   | Entered the Ecumenical Temple
  6914 | D:8      | Noticed a centaur warrior
  6916 | D:8      | Noticed a kobold demonologist
  6917 | D:8      | XOM: potion effect (haste)
  6917 | D:8      | Noticed a tengu conjurer
  6918 | D:8      | Noticed a manticore
  7076 | D:7      | XOM: cloud trail
  7098 | D:7      | XOM: summons 1 hostile demon
  7493 | D:8      | XOM: noise
  7509 | D:8      | Found Qenais's Weapon Boutique.
  7552 | D:8      | Noticed an ice devil
  7562 | D:8      | Killed a kobold demonologist
  7604 | D:8      | Killed a tengu conjurer
  7612 | D:8      | XOM: divination: detect items
  7618 | D:8      | XOM: confuse monster(s)
  7622 | D:8      | Found a runed translucent door.
  7625 | D:8      | Found a basalt altar of Yredelemnul.
  7628 | D:8      | XOM: enchant monster (good)
  7782 | D:7      | XOM: torment (24/83 hp)
  8146 | D:8      | Noticed an efreet
  8221 | D:8      | Reached XP level 10. HP: 91/91 MP: 10/10
  8223 | D:8      | XOM: polymorph kobold -> orc
  8372 | D:8      | Found a runed translucent door.
  8373 | D:8      | Noticed a tengu warrior
  8373 | D:8      | Found a runed translucent door.
  8375 | D:8      | Found a runed translucent door.
  8375 | D:8      | Noticed a manticore
  8448 | D:8      | XOM: potion effect (might)
  8453 | D:8      | Killed a manticore
  8555 | D:9      | XOM: smoke on damage
  8557 | D:9      | Reached skill level 1 in Evocations
  8759 | D:9      | XOM: scenery: summon butterflies
  8765 | D:9      | Found a hide-covered altar of Uskayaw.
  8922 | D:9      | Noticed a gargoyle
  8926 | D:9      | XOM: summons friendly white imp
  8944 | D:9      | XOM: potion effect (heal wounds)
  8960 | D:9      | XOM: cast spell 'Dispersal'
  8961 | D:9      | Reached skill level 10 in Fighting
  8963 | D:9      | XOM: smoke on damage
  8993 | D:9      | XOM: divination: detect items
  8994 | D:9      | Found a hazy altar of Hepliaklqana.
  8994 | D:9      | Noticed Erica
  9001 | D:9      | Killed Erica
  9002 | D:9      | Reached skill level 10 in Short Blades
  9356 | D:9      | XOM: give mutations
  9356 | D:9      | Gained mutation: You are agile. (Dex +2) [Xom's grace]
  9356 | D:9      | Gained mutation: A frigid envelope surrounds you and
                  | freezes all who hurt you. [Xom's grace]
  9356 | D:9      | Gained mutation: You expend magic power (3 MP) to
                  | strengthen your wands. [Xom's grace]
  9356 | D:9      | Gained mutation: Your flesh is cold resistant. (rC+) [Xom's
                  | grace]
  9407 | D:9      | XOM: enchant monster (bad)
  9413 | D:9      | Mangled by a slime creature

Illustrated notes

Levels and vault maps discovered:
D:1:      sevenhm_arrival_forest_fort_large_4, layout_rooms,
          dilly_ecumenical_altar_fadedgnrine
D:2:      wad_crossroads, layout_basic, uniq_jessica
D:3:      layout_basic, marbit_many_paths, feat_on_display, uniq_ijyb
D:4:      layout_loops_ring, mainiacjoe_overflow_boulevard,
          grunt_dithmenos_smoke_and_mirrors, minmay_statues_item,
          uniq_eustachio, uniq_blork_the_orc, uniq_menkaure
D:5:      layout_loops_corners, uniq_pikel
D:6:      layout_basic, chequers_temple_overflow_minitemple, kennysheep_dice
D:7:      layout_loops_corners, minmay_temple_entry_overgrown
D:8:      minmay_the_grid_triangle_9x9_recursive_2
          [minmay_the_grid_triangle_9x9_prize_insulated,
          minmay_the_grid_triangle_9x9_fully_insulated_deathbox,
          minmay_the_grid_triangle_9x9_thin_v,
          minmay_the_grid_triangle_9x9_longest], layout_basic,
          dk_yredelemnul_ordeal, serial_shops, nicolae_diamond_shop,
          nicolae_square_shop, shop, shop
D:9:      layout_loops_ring, eat_drink_and_be_merry_uskayaw, lemuel_tele_altar,
          kennysheep_orc_monster_closet_entryway, kennysheep_kite_vault,
          uniq_erica, uniq_psyche
Temple:   jpeg_temple_clearing

Skill      XL: |  1  2  3  4  5  6  7  8  9 10 |
---------------+-------------------------------+-----
Fighting       | 4 5 7 9 10 | 10.3
Short Blades   | 1 2 3 4 6 7 9 10 | 10.0
Stealth        | 1 2 3 4 |  4.9
Dodging        | 3 4 5 6 |  6.6
Evocations     | 1 |  1.9
Long Blades    | |  3.4
Shields        | |  0.8

Action                   |  1- 3 |  4- 6 |  7- 9 | 10-12 || total
-------------------------+-------+-------+-------+-------++-------
Melee: Short sword       |    61 |   122 |   222 |   108 ||   513
       Falchion          |     7 |       |       |       ||     7
       Tailslap          |     5 |    12 |    37 |    18 ||    72
       Kick              |       |    23 |    25 |       ||    48
       Scimitar          |       |       |       |     6 ||     6
 Abil: Breathe Acid      |       |       |     4 |     3 ||     7
Evoke: Wand              |       |       |     4 |     8 ||    12
  Use: Scroll            |       |     9 |     9 |     4 ||    22
       Potion            |       |     3 |    12 |     2 ||    17
 Stab: Sleeping          |       |     3 |       |     4 ||     7
       Paralysed         |       |     1 |       |       ||     1
       Distracted        |       |       |     5 |     1 ||     6
Armor: Skin              |    20 |    52 |   100 |    35 ||   207
Dodge: Dodged            |    42 |    89 |   122 |    53 ||   306
Block: Kite shield       |       |       |       |    27 ||    27

Table legend: (Time is in decaauts)
 A = Elapsed time spent in this place.
 B = Non-inter-level travel time spent in this place.
 C = Inter-level travel time spent in this place.
 D = Time resting spent in this place.
 E = Time spent auto-exploring this place.
 F = Levels seen in this place.
 G = Mean time per level.
                   A        B        C        D        E       F      G
               +--------+--------+--------+--------+--------+-----+--------+
         Total |   9324 |   8989 |    335 |   1615 |   5927 |  10 |  932.4 |
       Dungeon |   9232 |   8910 |    322 |   1615 |   5860 |   9 | 1025.8 |
        Temple |     91 |     78 |     13 |      0 |     67 |   1 |   91.0 |
               +--------+--------+--------+--------+--------+-----+--------+

Top non-repeatable levels by time:
     D:7: 1973 daAuts
     D:2: 1277 daAuts
     D:5: 974 daAuts
     D:6: 971 daAuts
     D:9: 931 daAuts
     D:4: 914 daAuts
     D:8: 776 daAuts
     D:3: 759 daAuts
     D:1: 653 daAuts
  Temple: 91 daAuts
